 Dungeon Crawl Stone Soup version 0.31-a0-229-g1fc7ce9 (webtiles) character file.

Game seed: 2432202466105820524

1441 Dawnplanks the Zephyrmancer (level 8, -5/42 HPs)
             Began as a Tengu Air Elementalist on July 6, 2023.
             Was an Initiate of Vehumet.
             Killed from afar by Maggie (19 damage)
             ... with a bolt of fire
             ... on level 7 of the Dungeon.
             The game lasted 00:13:37 (7233 turns).

Dawnplanks the Zephyrmancer (TeAE)                  Turns: 7233, Time: 00:13:38

Health: -5/42      AC:  6    Str:  9    XL:     8   Next: 74%
Magic:  1/26       EV: 15    Int: 17    God:    Vehumet [......]
Gold:   219        SH:  0    Dex: 15    Spells: 5/18 levels left

rFire   . . .        s - +4 dagger (elec)
rCold   . . .        (no shield)
rNeg    . . .        a - +0 robe
rPois   .            (helmet restricted)
rElec   .            o - +0 cloak
rCorr   .            f - +2 pair of gloves
SInv    .            (boots unavailable)
Will    .....        (no amulet)
Stlth   ++           w - ring of magical power
HPRegen 0.27/turn    (no ring)
MPRegen 0.20/turn

%: no passive effects
@: mighty, flying quickly and evasively, mesmerised, hasted, very quick
A: beak, talons 3, nimble flight
a: Renounce Religion


You were on level 7 of the Dungeon.
You worshipped Vehumet.
Vehumet was noncommittal.
You visited 2 branches of the dungeon, and saw 8 of its levels.

You collected 385 gold pieces.
You spent 166 gold pieces at shops.

Inventory:

Hand Weapons
 s - a +4 dagger of electrocution (weapon)
Armour
 a - a +0 robe (worn)
 f - a +2 pair of gloves (worn)
 o - a +0 cloak (worn)
Jewellery
 w - a ring of magical power (left hand)
 y - a ring of protection from cold
Wands
 t - a wand of flame (24)
 z - a wand of charming (7)
Scrolls
 c - 4 scrolls of fear {unknown}
 d - a scroll of poison
 g - 2 scrolls of amnesia
 r - a scroll of butterflies
 u - a scroll of vulnerability
 x - a scroll of teleportation {unknown}
Potions
 b - 2 potions of magic
 h - 3 potions of haste
 i - 4 potions of heal wounds
 j - 2 potions of degeneration {unknown}
 l - 3 potions of mutation {unknown}
 m - 3 potions of curing
 n - 2 potions of brilliance {unknown}
 p - a potion of lignification
 q - a potion of attraction {unknown}
 v - a potion of ambrosia {unknown}


   Skills:
 + Level 0.6 Fighting
 + Level 3.4 Dodging
 - Level 2.0 Stealth
 + Level 5.9 Spellcasting
 + Level 6.7 Conjurations
 + Level 9.1 Air Magic


You had 5 spell levels left.
You knew the following spells:

 Your Spells              Type           Power      Damage    Failure   Level
a - Shock                 Conj/Air       100%       1d9       1%          1
b - Static Discharge      Conj/Air       64%        2-5/arc   1%          2
c - Swiftness             Air            36%        N/A       1%          3
d - Airstrike             Air            18%        2d(3-19)  3%          4
e - Mephitic Cloud        Conj/Pois/Air  23%        N/A       4%          3

Your spell library contained the following spells:

 Spells                   Type           Power      Damage    Failure   Level
 Poisonous Vapours        Pois/Air       40%        N/A       3%          2
 Inner Flame              Hex/Fire       5%         N/A       36%         3
 Freezing Cloud           Conj/Ice/Air   11%        6-21      38%         5
 Yara's Violent Unravell  Hex/Tmut       2%         3d3       98%         5
 Enfeeble                 Hex            2%         N/A       100%        7


Dungeon Overview and Level Annotations

Branches:
Dungeon (7/15)             Temple (1/1) D:5

Altars:
Ashenzari
Cheibriados
Dithmenos
Elyvilon
Fedhas
Gozag
Hepliaklqana
Kikubaaqudgha
Makhleb
Nemelex Xobeh
Okawaru
Qazlal
Ru
Trog
Uskayaw
Vehumet
Wu Jian
Xom
Yredelemnul
Zin
The Shining One

Shops:
D:1 *:(   D:3 !?:   D:5 *

Annotations:
D:6 2 runed translucent doors, MinotaursOnly's ghost, novice MiDe
D:7 Maggie


Innate Abilities, Weirdness & Mutations

You have a beak for a mouth.
You have claws for feet.
Your magical nature lets you fly swiftly and evasively.


Message History

Aiming: Airstrike (dangerous; 3% risk of failure)
Press: ? - help, Dir - move target, f/p - Maggie
Aim: Maggie, wielding a +1 glaive of flaming and wearing +1 steam dragon scales (severely wounded, unusually resistant, empty space bonus: 2/8)
The air twists around and strikes Maggie but does no damage.
Maggie points at you and mumbles some strange words.
The bolt of fire hits you!
Maggie is nearby!
You feel yourself speed up.
Maggie gestures wildly while chanting.
Maggie attempts to bespell you!
You are mesmerised by Maggie!
Casting: Airstrike (dangerous; 3% risk of failure)
Confirm with . or Enter, or press ? or * to list all spells.
You don't have enough magic to cast this spell.
Unknown command.
Casting: Airstrike (dangerous; 3% risk of failure)
Confirm with . or Enter, or press ? or * to list all spells.
You don't have enough magic to cast this spell.
Unknown command.
The zap hits Maggie.
Maggie resists.
Maggie is severely wounded.
Maggie barely misses you.
The zap misses Maggie.
Maggie misses you.
The zap hits Maggie.
Maggie completely resists.
Maggie is severely wounded.
Maggie hits you with a +1 glaive of flaming!
Maggie burns you.
You see here a bullfrog corpse.
You hit Maggie. You claw Maggie, but do no damage.
Maggie is severely wounded.
Maggie misses you.
You closely miss Maggie.
Maggie is severely wounded.
You feel very mighty all of a sudden. Maggie barely misses you.
You hit Maggie. Your kick misses Maggie. Your peck misses Maggie.
Maggie is severely wounded.
Maggie gestures at you while chanting. The bolt of fire hits you!!
You die...

#...........#####..#......####
#...........#..............#
#############.####.#.....#.###
#.# #.#####...... #.#
#.#######.### #.# #.#.......#
#.# #.#.......# #.#
#.#.......# #@# #.#######.#
#@# #.##....#.### #.#
#............ #.#
#.##....#.... #.# #....#####
#.# ########..... #..
.........#### #.. .........#..
.........#.##


You could see Maggie (mesmerising, resistant).

Vanquished Creatures
  Menkaure (D:6)
  An ice beast (D:5)
  An ogre (D:5)
  A centaur (D:6)
  3 bullfrogs
  3 scorpions
  5 hounds
  2 orc priests
  3 iguanas
  2 sleepcaps
  4 orc wizards
  Robin (D:3)
  3 gnolls (D:4)
  10 adders
  2 ufetubi (D:6)
  3 dart slugs
  22 orcs
  4 ball pythons
  9 endoplasms
  3 giant cockroaches
  9 goblins
  12 hobgoblins
  4 jackals (D:1)
  4 quokkas
  3 bats (D:2)
  3 frilled lizards
  5 kobolds
  2 rats
  A butterfly (D:3)
126 creatures vanquished.

Notes
Turn   | Place    | Note
-------+----------+-------------------------------------------
     0 | D:1      | Dawnplanks the Tengu Air Elementalist began the quest for
                  | the Orb.
     0 | D:1      | Reached XP level 1. HP: 10/10 MP: 4/4
   122 | D:1      | Reached XP level 2. HP: 8/15 MP: 0/6
   348 | D:1      | Found Adwongyvi's Book Shoppe.
   392 | D:1      | Found Soottyak's Antique Weapon Boutique.
   735 | D:1      | Reached XP level 3. HP: 19/19 MP: 1/7
   997 | D:1      | Found Ihorilum's Assorted Antiques.
  1283 | D:2      | You fall into a shaft and drop 2 floors!
  1474 | D:3      | Found a shimmering altar of Xom.
  1511 | D:3      | Found Sinlutob's Distillery.
  1518 | D:3      | Bought a potion of curing for 36 gold pieces
  1520 | D:3      | Found Zogoa's Magic Scroll Shoppe.
  1795 | D:2      | Reached XP level 4. HP: 24/24 MP: 5/8
  1909 | D:2      | Reached skill level 5 in Air Magic
  2082 | D:2      | Found a faded altar of an unknown god.
  2281 | D:2      | Learned a level 2 spell: Static Discharge
  2309 | D:2      | Learned a level 3 spell: Swiftness
  2738 | D:3      | Found a sacrificial altar of Ru.
  2756 | D:3      | Gained mutation: Your magical nature lets you fly swiftly
                  | and evasively. [Tengu growth]
  2756 | D:3      | Reached XP level 5. HP: 27/28 MP: 1/10
  2912 | D:3      | Noticed Robin
  2920 | D:3      | Killed Robin
  3142 | D:3      | Found Liza Miu's Book Shoppe.
  3182 | D:3      | Learned a level 4 spell: Airstrike
  3766 | D:4      | Reached XP level 6. HP: 32/32 MP: 7/12
  3777 | D:4      | Reached skill level 6 in Air Magic
  4114 | D:5      | Entered Level 5 of the Dungeon
  4118 | D:5      | Reached XP level 7. HP: 36/36 MP: 7/14
  4308 | D:5      | Found a basalt altar of Yredelemnul.
  4482 | D:5      | Reached skill level 5 in Conjurations
  4700 | D:5      | Found Masoutoi's Assorted Antiques.
  4708 | D:5      | Bought a wooden ring for 130 gold pieces
  4767 | D:5      | Found a staircase to the Ecumenical Temple.
  4774 | Temple   | Entered the Ecumenical Temple
  5071 | D:5      | Reached skill level 7 in Air Magic
  5132 | D:5      | Found a blossoming altar of Fedhas.
  5132 | D:5      | Found an opulent altar of Gozag.
  5178 | D:5      | Found a hide-covered altar of Uskayaw.
  5256 | D:5      | Reached XP level 8. HP: 42/42 MP: 16/16
  5384 | D:5      | Found a radiant altar of Vehumet.
  5387 | D:5      | Became a worshipper of Vehumet
  5706 | D:6      | Noticed Menkaure
  5709 | D:6      | Killed Menkaure
  5710 | D:6      | Reached skill level 5 in Spellcasting
  5855 | D:6      | Reached skill level 8 in Air Magic
  6009 | D:6      | Learned a level 3 spell: Mephitic Cloud
  6501 | D:6      | Found a large runed translucent door.
  6501 | D:6      | Found a large runed translucent door.
  6502 | D:6      | Noticed MinotaursOnly's ghost (novice MiDe)
  6550 | D:6      | Reached skill level 9 in Air Magic
  7215 | D:7      | Noticed Maggie
  7233 | D:7      | Killed from afar by Maggie

Illustrated notes

Levels and vault maps discovered:
D:1:      eino_arrival_water_star, layout_basic, serial_shops,
          nicolae_shop_just_a_little_nook, nicolae_shop_tiny_glass, shop,
          grunt_decor_arrowhead, reono_crystal_passage
D:2:      layout_basic, shapermc_ecumenical_altar_ellora,
          minmay_indecisive_spiral
D:3:      layout_loops_ring, xom_butterflies,
          nicolae_ru_great_annihilating_truth, serial_shops,
          nicolae_book_shop_shelving, shop, shop_statue, uniq_robin
D:4:      layout_basic
D:5:      layout_basic, gammafunk_temple_overflow_forgotten,
          mainiacjoe_overflow_swirl, temple_green, serial_shops,
          nicolae_shop_tiny_waterfront
D:6:      layout_basic, ebering_ghost_disaster_area, minmay_misc_feat_columns,
          uniq_menkaure
D:7:      layout_basic, minivault_25, nicolae_fountain_basement, uniq_maggie
Temple:   minmay_temple_curvy_branch

Skill      XL: |  1  2  3  4  5  6  7  8 |
---------------+-------------------------+-----
Conjurations   | 2 3 4 5 6 |  6.7
Air Magic      | 5 6 7 9 |  9.1
Spellcasting   | 3 4 5 |  5.9
Dodging        | 3 |  3.4
Fighting       | |  0.6
Stealth        | |  2.0

Action                     |  1- 3 |  4- 6 |  7- 9 || total
---------------------------+-------+-------+-------++-------
  Melee: Unarmed           |    24 |       |       ||    24
         Kick              |     3 |     2 |     3 ||     8
         Peck              |     3 |     1 |       ||     4
         Punch             |     1 |       |       ||     1
         Short sword       |     8 |       |       ||     8
         Dagger            |       |    22 |    10 ||    32
   Cast: Shock             |    75 |   111 |   105 ||   291
         Airstrike         |       |     1 |    14 ||    15
         Mephitic Cloud    |       |       |     1 ||     1
    Use: Scroll            |       |       |     8 ||     8
         Potion            |       |       |     2 ||     2
   Stab: Confused          |       |       |     1 ||     1
 Armour: Robe              |    15 |     2 |     4 ||    21
  Dodge: Dodged            |    29 |    15 |    28 ||    72

Table legend: (Time is in decaauts)
 A = Elapsed time spent in this place.
 B = Non-inter-level travel time spent in this place.
 C = Inter-level travel time spent in this place.
 D = Time resting spent in this place.
 E = Time spent auto-exploring this place.
 F = Levels seen in this place.
 G = Mean time per level.
                   A        B        C        D        E       F      G
               +--------+--------+--------+--------+--------+-----+--------+
         Total |   6961 |   6717 |    244 |     36 |   5973 |   8 |  870.1 |
       Dungeon |   6733 |   6492 |    241 |     36 |   5750 |   7 |  961.9 |
        Temple |    228 |    225 |      3 |      0 |    223 |   1 |  228.0 |
               +--------+--------+--------+--------+--------+-----+--------+

Top non-repeatable levels by time:
     D:5: 1268 daAuts
     D:6: 1175 daAuts
     D:1: 1166 daAuts
     D:2: 1018 daAuts
     D:3: 965 daAuts
     D:4: 898 daAuts
     D:7: 239 daAuts
  Temple: 228 daAuts
